Get step-by-step instructions on how to execute this build order below. Start the game timer, and the build order will tick by so you can play in parallel with StarCraft on a second screen or mobile device.

Game Time

  0:00

Last Step

  N/A

Next Step

  12  0:00  SCV  

Upcoming Step

  13  0:13  SCV  

Don't want to look back and forth between 2 screens? Try out our Overwolf App, the Spawning Tool Build Advisor to get an in-game overlay with this build!

Complete Build Order

  12  0:00  SCV  
  13  0:13  SCV  
  14  0:20  Supply Depot  
  14  0:25  SCV  
  15  0:30  Refinery  
  15  0:41  SCV  
  16  0:47  Barracks  
  16  0:54  SCV  
  17  1:06  SCV  
  18  1:21  SCV  
  18  1:25  Barracks  
  19  1:34  Orbital Command  
  19  1:35  Reaper  
  19  1:39  Supply Depot  
  20  1:48  Refinery  
  20  2:00  SCV  
  21  2:08  Reaper  
  21  2:12  Reaper  
  23  2:16  Barracks  
  23  2:17  SCV  
  24  2:24  Supply Depot  
  24  2:30  SCV  
  25  2:42  SCV  
  26  2:45  Reaper x2  
  28  3:16  SCV  
  29  3:28  Reaper x3  
  30  4:06  Reaper x3  
  33  4:19  SCV  
  34  5:01  Factory  
  28  5:17  SCV  
  28  5:20  Command Center  
  29  5:22  Barracks Tech Lab  
  29  5:23  Barracks Tech Lab x2  
  29  5:29  SCV  
  29  5:30  Command Center  
  29  5:34  Supply Depot  
  29  5:35  Supply Depot  
  30  5:41  SCV  
  31  5:48  Starport  
  31  5:51  Starport  
  31  5:52  Starport  
  31  5:53  SCV  
  32  6:05  SCV  
  33  6:17  SCV  
  34  6:29  SCV  
  34  6:32  Cloaking Field  
  35  6:37  Hyperflight Rotors  
  35  6:38  Banshee x2  
  41  6:40  Banshee  
  41  6:43  Orbital Command  
  44  6:49  Orbital Command  
  44  6:56  SCV  
  45  7:08  SCV  
  46  7:13  SCV  
  47  7:18  Refinery  
  47  7:20  SCV, Refinery  
  48  7:23  Refinery  
  48  7:24  Banshee x3  
  48  7:25  SCV  
  48  7:26  Refinery  
  58  7:40  Armory  
  58  7:42  SCV x3  
  61  7:54  SCV x2  
  61  7:55  SCV  
  64  8:06  SCV  
  64  8:07  Banshee x3, SCV x2  
  76  8:19  SCV x3  
  79  8:22  Supply Depot x3  
  79  8:31  Starport, Terran Ship Weapons Level 1  
  79  8:35  Factory Reactor  
  79  8:37  SCV x3  
  82  8:49  SCV x2  
  82  8:50  Banshee x3, SCV  
  94  9:01  SCV x2  
  94  9:02  SCV  
  97  9:09  Starport Tech Lab  
  97  9:15  SCV  
  97  9:16  SCV x2  
  100  9:20  Supply Depot  
  100  9:21  Supply Depot  
  100  9:26  Armory  
  100  9:28  SCV x3  
  103  9:32  Banshee  
  103  9:33  Banshee  
  109  9:42  Banshee x2  
  109  9:43  Supply Depot  
  109  9:44  Supply Depot  
  109  9:45  Supply Depot  
  115  9:56  Command Center  
  115  10:14  Banshee  
  115  10:15  Banshee  
  121  10:24  Banshee  
  121  10:25  Banshee  
  124  10:57  Banshee  
  124  10:58  Banshee  
  130  11:07  Banshee x2  
  121  11:40  Banshee  
  121  11:41  Banshee  
  127  11:50  Banshee x2  
  124  12:06  Terran Ship Weapons Level 2  
  124  12:07  Terran Vehicle And Ship Armor Level 1  
  124  12:14  Fusion Core  
  124  12:18  Supply Depot  
  124  12:19  Supply Depot  
  130  12:30  Engineering Bay  
  124  13:03  Planetary Fortress  
  124  13:14  Battlecruiser x4  
  124  13:15  Refinery  
  148  13:25  Refinery